 Dungeon Sprint DCSS version 0.30-a0-953-g5f1da4a474 (webtiles) character file.

Game seed: 11772545364745289082

7 testman the Magician (level 2, 0/24 HPs)
             Began as a Djinni Ice Elementalist on Mar 28, 2023.
             Slain by a kobold
             ... wielding a +0 short sword
              (4 damage)
             ... in the Dungeon (Sprint IX: "|||||||||||||||||||||||||||||").
             The game lasted 00:00:42 (15 turns).

testman the Magician (Djinni Ice Elementalist)        Turns: 15, Time: 00:00:42

Health: 0/24       AC:  2    Str:  7    XL:     2   Next: 5%
Gold:   0          EV: 12    Int: 16    God:
                   SH:  0    Dex: 13

rFire   + + .      SeeInvis .    (no weapon)
rCold   x . .      Faith    .    (no shield)
rNeg    . . .      Spirit   .    a - +0 robe
rPois   ∞          Reflect  .    (no helmet)
rElec   .          Rampage  .    (no cloak)
rCorr   .          NoTele   +    (no gloves)
Will    .....                    (boots unavailable)
Stlth   ++                       (no amulet)
HPRegen 0.24/turn                (no ring)
MPRegen 0.00/turn                (no ring)

@: flying
A: sickness immunity, fire resistance 2, cold vulnerability 1, float, innate
caster, HP casting, extra vitality 1
a: no special abilities


You were in the Dungeon.
You visited 1 branch

Inventory:

Armour
 a - a +0 robe (worn)
Scrolls
 f - a scroll of blinking
Potions
 b - a potion of curing
 c - a potion of heal wounds
 d - a potion of haste
 e - a potion of berserk rage


   Skills:
 + Level 2.4 Fighting
 - Level 2.1 Dodging
 - Level 1.5 Stealth
 + Level 3.8 Spellcasting


You knew the following spells:

 Your Spells              Type           Power      Damage    Failure   Level
a - Freeze                Ice            60%        1d7       3%          1
b - Frozen Ramparts       Ice            30%        1d5       11%         3
c - Ozocubu's Armour      Ice            15%        N/A       11%         3
d - Summon Ice Beast      Ice/Summ       15%        N/A       34%         4
Your spell library was empty.

Dungeon Overview and Level Annotations

Branches:
Dungeon (1/1)

Altars:


Innate Abilities, Weirdness & Mutations

You are immune to sickness and miasma.
You are immune to poison.
Your flesh is very heat resistant. (rF++)
You are vulnerable to cold. (rC-)
You float through the air rather than walking.
You learn spells naturally, not from books.
Your magical power is your life essence.
You have superior vitality. (+4 MHP)


Message History

Aim: a hobgoblin You freeze the hobgoblin.
The hobgoblin is almost dead.
The hobgoblin barely misses you.
Aiming: Freeze (safe; 4% risk of failure)
Press: ? - help, Q - select action Shift-Dir - straight line, f/p - hobgoblin
Aim: a hobgoblin (almost dead)
You freeze the hobgoblin!
You kill the hobgoblin!
The giant cockroach barely misses you.
Your Fighting skill increases to level 2!
Aiming: Freeze (safe; 3% risk of failure)
Press: ? - help, Q - select action Shift-Dir - straight line, f - giant cockroach
Aim: a giant cockroach You freeze the giant cockroach.
The giant cockroach is moderately wounded.
The giant cockroach bites you but does no damage.
Aiming: Freeze (safe; 3% risk of failure)
Press: ? - help, Q - select action Shift-Dir - straight line, f/p - giant cockroach
Aim: a giant cockroach (moderately wounded)
You freeze the giant cockroach.
You kill the giant cockroach!
Aiming: Freeze (safe; 3% risk of failure)
Press: ? - help, Q - select action Shift-Dir - straight line, f - quokka
Aim: a quokka You freeze the quokka.
The quokka is heavily wounded.
* * * LOW HITPOINT WARNING * * *
The quokka closely misses you.
Aiming: Freeze (safe; 3% risk of failure)
Press: ? - help, Q - select action Shift-Dir - straight line, f/p - quokka
Aim: a quokka (heavily wounded)
You freeze the quokka!
You kill the quokka!
* * * LOW HITPOINT WARNING * * *
The kobold throws a stone.
The stone hits you.
* * * LOW HITPOINT WARNING * * *
You have reached level 2!
The kobold hits you with a +0 short sword.
You die... ▓▓▓▓▓▓▓▓▓▓▓▓ +...K@'...<▓ ▓▓▓▓▓▓▓▓▓▓▓▓

You could see a kobold.

Vanquished Creatures
  A dart slug (D)
  A giant cockroach (D)
  A hobgoblin (D)
  A quokka (D)
4 creatures vanquished.

Notes
Turn   | Place    | Note
-------+----------+-------------------------------------------
     0 | D        | testman the Djinni Ice Elementalist began the quest for the
                  | Orb.
     0 | D        | testman set off with the following spells memorised:
                  | Freeze, Frozen Ramparts, Ozocubu's Armour, Summon Ice
                  | Beast.
     0 | D        | Reached XP level 1. HP: 15/15 MP: 0/0
     9 | D        | Reached skill level 1 in Fighting
    15 | D        | Reached XP level 2. HP: 3/24 MP: 0/0
    15 | D        | Slain by a kobold

Illustrated notes

Levels and vault maps discovered:
D:        linesprint [early_d, line_temple, items_1, d_10, items_2, lair_1,
          lair_end, items_3, orc_1, orc_end, items_4, d_15, swamp_1, shoals_1,
          snake_1, spider_1, d_20, vaults_1, items_5, swamp_end, shoals_end,
          snake_end, spider_end, vaults_end, d_27, items_6, zot_1, zot_end,
          crypt_end, forest_end, elf_end, slime_end, tomb_end, abyss_end,
          pan_hell_end]

Skill      XL: |  1 |
---------------+----+-----
Fighting       | 2 |  2.4
Dodging        | |  2.1
Stealth        | |  1.5
Spellcasting   | |  3.8

Action                     || total
---------------------------++-------
  Melee: Unarmed           ||     2
   Cast: Freeze            ||     8
 Armour: Robe              ||     1
  Dodge: Dodged            ||     4

Table legend: (Time is in decaauts)
 A = Elapsed time spent in this place.
 B = Non-inter-level travel time spent in this place.
 C = Inter-level travel time spent in this place.
 D = Time resting spent in this place.
 E = Time spent auto-exploring this place.
 F = Levels seen in this place.
 G = Mean time per level.
                   A        B        C        D        E       F      G
               +--------+--------+--------+--------+--------+-----+--------+
         Total |     15 |     15 |      0 |      0 |      0 |   1 |   15.0 |
       Dungeon |     15 |     15 |      0 |      0 |      0 |   1 |   15.0 |
               +--------+--------+--------+--------+--------+-----+--------+

Top non-repeatable levels by time:
       D: 15 daAuts
